 Dungeon Crawl Stone Soup version 0.22-a0-872-g6a232dd (webtiles) character file.

75 prawnwizard the Slasher (level 4, 0/35 HPs)
             Began as a Demonspawn Monk on July 28, 2018.
             Killed by divine providence
             ... invoked by an orc priest
              (17 damage)
             ... on level 3 of the Dungeon.
             The game lasted 00:03:35 (2057 turns).

prawnwizard the Slasher (Demonspawn Monk)           Turns: 2057, Time: 00:03:36

Health: 0/35       AC: 17    Str: 13    XL:     4   Next: 11%
Magic:  4/4        EV: 12    Int: 11    God:
Gold:   148        SH:  0    Dex: 15    Spells: 3/3 levels left

rFire    . . .     SeeInvis .   a - +0 falchion
rCold    . . .     Gourm    .   (no shield)
rNeg     . . .     Faith    .   o - +0 ring mail
rPois    .         Spirit   .   j - +0 helmet
rElec    .         Reflect  .   h - +1 cloak
rCorr    .         Harm     .   (no gloves)
MR       .....                  (no boots)
Stlth    +.........             (no amulet)
HPRegen  0.11/turn              (no ring)
MPRegen  0.09/turn              (no ring)

@: sanguine armour
A: sanguine armour 2
a: no special abilities


You were on level 3 of the Dungeon.
You were not hungry.

You visited 1 branch of the dungeon, and saw 3 of its levels.

You collected 148 gold pieces.

Inventory:

Hand Weapons
 a - a +0 falchion (weapon)
 m - a +0 long sword
Armour
 b - a +0 robe
 d - a +2 robe of magic resistance
 h - a +1 cloak (worn)
 j - a +0 helmet (worn)
 o - a +0 ring mail (worn)
Jewellery
 q - an uncursed amulet of guardian spirit {unknown}
Scrolls
 f - 4 scrolls of identify {unknown}
 k - 2 scrolls of enchant weapon {unknown}
 l - a scroll of random uselessness {unknown}
 p - a scroll of blinking {unknown}
 r - a scroll of teleportation {unknown}
Potions
 e - a potion of lignification {unknown}
 g - a potion of curing {unknown}
 i - a potion of haste {unknown}
 n - a potion of flight {unknown}
 s - a potion of agility {unknown}
Comestibles
 c - 6 rations


   Skills:
 + Level 3.5 Fighting
 * Level 3.6 Long Blades
 + Level 3.2 Dodging
 - Level 1.9 Stealth


You had 3 spell levels left.
You didn't know any spells.
Your spell library was empty.

Dungeon Overview and Level Annotations

Branches:
Dungeon (3/15)

Altars:


Innate Abilities, Weirdness & Mutations

When seriously injured, your bleeding wounds create thick armour. (AC +9)


Message History

The orc priest hits you but does no damage.
The orc wizard closely misses you.
You hit the orc priest.
The orc priest is heavily wounded.
The orc hits you but does no damage.
The orc priest casts a cantrip, but nothing happens.
The orc wizard barely misses you.
You riposte.
You hit the orc wizard.
The orc wizard is lightly wounded.
You barely miss the orc priest.
The orc priest is heavily wounded.
The orc completely misses you.
The orc priest invokes the aid of Beogh against you.
Beogh smites you!
Your blood congeals into armour.
The orc wizard barely misses you. The orc priest hits you. The orc misses you.
You hit the orc priest.
The orc priest is severely wounded.
The orc wizard hits you but does no damage.
The orc priest invokes the aid of Beogh against you.
Beogh smites you!
You die...

..##..o.........# #.#.......>..#
..######........# #.#..........#
..# ###...o.....####.#..........#
..###.............##............#
......#...##.<.##..........>....#
....###..###.................(.##
....##...# ##o######...........#
..)....#.# #.l######..........#
...####..# ##oo@..#...........#
........######.oo....).........#
####.####......###.##(.........#
# #..###(###### #.##..........#
##..##.# #...#......#### ##.#..#
###.........### ######.#.##
##......#...# .........#
##>....###.# #........### ##....#
#.#


You could see an orc priest, an orc wizard, 3 orcs and a frilled lizard.

Vanquished Creatures
  4 adders
  An ooze (D:3)
  2 worms (D:2)
  An orc (D:3)
  3 giant cockroaches
  3 goblins
  3 hobgoblins
  5 bats
  4 frilled lizards
  3 kobolds (D:1)
  4 rats
33 creatures vanquished.

Notes
Turn   | Place    | Note
-------+----------+-------------------------------------------
     0 | D:1      | prawnwizard the Demonspawn Monk began the quest for the Orb.
     0 | D:1      | Reached XP level 1. HP: 18/18 MP: 1/1
   289 | D:1      | Gained mutation: When seriously injured, your bleeding wounds create armour. (AC +9) [demonic ancestry]
   289 | D:1      | Reached XP level 2. HP: 24/24 MP: 2/2
  1417 | D:2      | Reached XP level 3. HP: 29/29 MP: 3/3
  1859 | D:3      | Gained mutation: When seriously injured, your bleeding wounds create thick armour. (AC +9) [demonic ancestry]
  1859 | D:3      | Reached XP level 4. HP: 34/35 MP: 4/4
  2057 | D:3      | Killed from afar by an orc priest

Vault maps used:
D:1:      lightli_arrival_lavapool
D:3:      first_ration

Skill      XL: |  1  2 |
---------------+-------+-----
Long Blades    | 3 |  3.6
Dodging        | 3 |  3.2
Fighting       | |  3.5
Stealth        | |  1.9

Action                   |  1- 3 |  4- 6 || total
-------------------------+-------+-------++-------
Melee: Falchion          |   114 |    25 ||   139
 Stab: Sleeping          |     4 |     1 ||     5
  Eat: Chunk             |     3 |     1 ||     4
Armor: Robe              |    12 |       ||    12
       Ring mail         |    23 |     9 ||    32
Dodge: Dodged            |    84 |    27 ||   111
       Rpst.: Falchion   |    31 |     4 ||    35

Table legend:
 A = Spawn XP
 B = Non-spawn XP
 C = Spawn XP percentage of total XP
 D = Spawn monster count
 E = Non-spawn monster count
 F = Spawn count percentage of total count
 G = Total turns spent on level
                    A         B        C        D         E        F      G
               +---------+---------+-------+---------+---------+-------+---------
         Total |       0 |     108 |   0.0 |       0 |      33 |   0.0 |  2057
               +---------+---------+-------+---------+---------+-------+---------
           D:1 |       0 |      15 |   0.0 |       0 |      12 |   0.0 |   895
           D:2 |       0 |      64 |   0.0 |       0 |      14 |   0.0 |   924
           D:3 |       0 |      29 |   0.0 |       0 |       7 |   0.0 |   238
               +---------+---------+-------+---------+---------+-------+---------
